Unix NetHack Version 3.7.0-59 Work-in-progress - last build Jun 21 2022 21:34:18 (82e59222e4b6558e33156aede0636042c14940b8,branch:master). Game began 2022-05-23 11:32:45, ended 2022-09-24 19:30:49. Ashpool, lawful female dwarven Valkyrie ------- ------- |>.|..| --|gufMu| |.....| |.-.MEdr| ---.--.| |-|o)&m%|-- ----....|.-- |.-.a.@.-.| |.......|..-- |-|yyjQ.|.| |....---|...| |.+uxFhl|.| |....|..|...| --|CbohW|.| |..*....|..*| ------|.| --.M..|.m...m-- |.| |.....|..|....| |.| |.....|--|....| |.| |..|.-- --...| |.| ----.| ----- |.| |..-------------------.| |................*.*...| ------------------------ Ashpool the Fighter St:18/01 Dx:11 Co:20 In:8 Wi:9 Ch:7 Lawful Dlvl:5 $:818 HP:0(108) Pw:14(14) AC:-4 Xp:9/4308 T:10642 Latest messages: The brown pudding strikes at thin air! What do you want to take off? [hj or ?*] You finish taking off your suit. The brown pudding bites! You miss the brown pudding. The brown pudding divides as you hit it! You kill the brown pudding! The brown pudding bites! You kill the brown pudding! You miss the brown pudding. The brown pudding divides as you hit it! You kill the brown pudding! The brown pudding bites! You kill the brown pudding! What do you want to wear? [chvDJ or ?*] You finish your dressing maneuver. What do you want to wear? [cvDJ or ?*] You are now wearing a cloak of protection. What do you want to wear? [cvJ or ?*] You are now wearing a small shield. What do you want to wear? [vJ or ?*] You are already wearing that! What do you want to wear? [vJ or ?*] You finish your dressing maneuver. What do you want to wear? [v or ?*] You finish your dressing maneuver. You harmlessly attack the closed door. The door opens. What do you want to wield? [- abq or ?*] f - a cockatrice corpse (wielded). The ape turns into a large mimic! You begin bashing monsters with your cockatrice corpse. You miss the large mimic. You miss the large mimic. You hit the large mimic with the cockatrice corpse. The large mimic is slowing down. The large mimic turns to stone. You miss the incubus. You miss the incubus. The incubus tries to touch you and misses! You miss the incubus. You attack thin air. You miss the incubus. You feel very attracted to the incubus. The incubus murmurs in your ear, while helping you undress. "Shall I remove your cloak, lover?" [yn] (n) "Shall I remove your boots, lover?" [yn] (n) "Take off your gloves; they're too clumsy." You now wield a cockatrice corpse in your bare hands. You turn to stone... Major events: Turn 1: Ashpool the lawful dwarven Valkyrie entered the dungeon 805: attained the rank of Skirmisher (level 3) 1964: entered the Gnomish Mines 3476: reached Mine Town 3746: attained the rank of Fighter (level 6) 6126: entered the Bigroom 6212: entered Sokoban 6886: completed sokoban 1 7479: completed sokoban 2 7806: completed sokoban 3 9272: completed sokoban 4 9790: acquired the Sokoban amulet of reflection 10642: petrified by losing gloves while wielding a cockatrice corpse Inventory: Coins ('$') $ - 818 gold pieces Amulets ('"') k - an uncursed amulet of reflection (being worn) N - an uncursed amulet of reflection Weapons (')') b - an uncursed +0 dagger a - an uncursed +1 long sword Armor ('[') j - a blessed +2 orcish helm (being worn) v - an uncursed +0 pair of leather gloves J - an uncursed very rotted +0 pair of elven boots (being worn) c - a blessed rotted +3 small shield (being worn) D - an uncursed +0 cloak of protection (being worn) h - an uncursed +0 studded leather armor (being worn) Comestibles ('%') L - an uncursed taco p - 2 uncursed cram rations K - 2 uncursed food rations V - 12 uncursed food rations d - an uncursed lembas wafer f - an uncursed cockatrice corpse (wielded) x - an uncursed lizard corpse named tricebane Rings ('=') I - an uncursed ring of free action (on right hand) e - an uncursed ring of invisibility o - an uncursed ring of levitation F - a blessed +2 ring of protection (on left hand) Wands ('/') G - an uncursed wand of enlightenment (0:10) C - an uncursed wand of polymorph (0:5) l - an uncursed wand of teleportation (0:2) i - an uncursed wand of undead turning (0:3) Tools ('(') P - an uncursed blindfold n - an uncursed lock pick s - an uncursed oil lamp q - an uncursed +0 pick-axe Ashpool the Valkyrie's attributes: Background: You were a Fighter, a level 9 dwarven Valkyrie. You were lawful, on a mission for Tyr who was opposed by Odin (neutral) and Loki (chaotic). You were in Sokoban, on level 5. You entered the dungeon 10642 turns ago. There was a new moon in effect when your adventure ended. You had 4308 experience points, 812 more were needed to attain level 10. Basics: You had 0 out of 108 hit points. You had all 14 energy points (spell power). Your armor class was -4. Your wallet contained 818 zorkmids. Autopickup was on for '$"=/!?' plus thrown, with exceptions. Final Characteristics: Your strength was 18/01 (limit:18/100). Your dexterity was 11 (peak:12, limit:20). Your constitution was 20 (limit:20). Your intelligence was 8 (limit:16). Your wisdom was 9 (limit:16). Your charisma was 7 (limit:16). Final Status: You were not hungry. You were unencumbered. You were wielding a corpse. Final Attributes: You were piously aligned. You were cold resistant. You saw invisible. You had infravision. You were invisible to others. You were stealthy. You had a small defense bonus (+2). You were protected. You were fast. You had reflection. You had free action. You were very unlucky. You are dead. Miscellaneous: You disabled loading of bones levels. Total elapsed playing time was 1 hour, 51 minutes and 49 seconds. Vanquished creatures: an aligned cleric 2 giant mimics 2 stalkers a giant mummy 3 small mimics a warhorse an ogre leader a quantum mechanic 2 gelatinous cubes 2 gargoyles an energy vortex a mountain centaur a python a cobra a Grey-elf 2 chameleons a crocodile 2 giant beetles 3 cockatrices a lynx an iron piercer a black light a vampire bat a forest centaur 4 brown puddings 2 owlbears a yeti 4 lizards a chickatrice a dingo a jaguar a plains centaur a gnome mummy 2 snakes 3 apes a soldier ant 3 bugbears a quasit a Mordor orc a rock mole 2 ponies a gnome leader a kobold mummy a gray ooze 2 straw golems 6 giant ants 2 little dogs 2 floating eyes a dwarf 4 hill orcs 5 rothes 2 rabid rats 2 dwarf zombies a werejackal 3 iguanas an acid blob a gas spore 2 hobgoblins 2 giant rats 8 cave spiders a brown mold 2 yellow molds a red mold 4 gnomes a gnome zombie 3 geckos 3 jackals 4 foxes 2 kobolds 4 goblins 4 sewer rats 4 grid bugs 8 lichens 3 kobold zombies 6 newts 161 creatures vanquished. No species were genocided or became extinct. Voluntary challenges: You read items or engraved 19 times. You engraved Elbereth 3 times. You never genocided any monsters. You never polymorphed an object. You never changed form. You used no wishes. You violated the special Sokoban rules 5 times. Achievements: You entered a shop. You attained the rank of Skirmisher. You entered the Gnomish Mines. You entered Minetown. You entered a temple. You attained the rank of Fighter. You entered the Big Room. You entered Sokoban. You completed Sokoban. The Dungeons of Doom: levels 1 to 10 Level 1: Some fountains. Level 2: An armor shop, a fountain. Level 3: "s" A scroll shop, a fountain. Stairs down to The Gnomish Mines. Level 4: Level 5: An armor shop. Level 6: A fountain. Level 7: A fountain, a sink. Level 8: "nymph" Level 9: A temple. Stairs up to Sokoban, level 8. Level 10: A very big room. The Gnomish Mines: levels 4 to 7 Level 4: Level 5: Level 6: Level 7: Many shops, a temple, some fountains. Sokoban: levels 8 up to 5 Level 5: <- You were here. Solved. Final resting place for you, petrified by losing gloves while wielding a cockatrice corpse. Level 6: Solved. Level 7: Solved. Level 8: Solved. Game over: ---------- / \ / REST \ / IN \ / PEACE \ / \ | Ashpool | | 818 Au | | petrified by | | losing gloves | | while wielding a | | cockatrice | | 2022 | *| * * * | * _________)/\\_//(\/(/\)/\//\/|_)_______ Farvel Ashpool the Valkyrie... You turned to stone in Sokoban on dungeon level 5 with 18449 points, and 818 pieces of gold, after 10642 moves. You were level 9 with a maximum of 108 hit points when you turned to stone.